 Dungeon Crawl Stone Soup version 0.31.0-1-g2c135a008e (webtiles) character file.

Game seed: 2937845139859066546

175 qw the Shooter (level 5, -1/40 HPs)
             Began as a Djinni Hunter on Jan 23, 2024.
             Slain by an iguana (2 damage)
             ... on level 3 of the Dungeon.
             The game lasted 00:00:08 (2118 turns).

qw the Shooter (Djinni Hunter)                      Turns: 2118, Time: 00:00:09

Health: -1/40      AC:  4    Str: 10    XL:     5   Next: 86%
Gold:   102        EV: 13    Int: 15    God:
                   SH:  0    Dex: 18

rFire   + + .        a - +1 shortbow
rCold   x . .        (shield currently unavailable)
rNeg    + . .        l - +2 robe of Qeus {rElec rN+ Will- Int+4}
rPois   inf          (no helmet)
rElec   +            (no cloak)
rCorr   .            (no gloves)
SInv    .            (boots unavailable)
Will    .....        (no amulet)
Stlth   ++           (no ring)
HPRegen 0.26/turn    (no ring)
MPRegen 0.00/turn

%: infuse magic (-2 HP)
@: flying
A: sickness immunity, fire resistance 2, cold vulnerability 1, float, innate
caster, HP casting, extra vitality 1
a: no special abilities


You were on level 3 of the Dungeon.
You visited 1 branch of the dungeon, and saw 3 of its levels.

You collected 102 gold pieces.


Innate Abilities, Weirdness & Mutations

You are immune to sickness and miasma.
You are immune to poison.
Your flesh is very heat resistant. (rF++)
You are vulnerable to cold. (rC-)
You float through the air rather than walking.
You learn spells naturally, not from books.
Your magical power is your life essence.
You have superior vitality. (+4 MHP)


   Skills:
 - Level 3.1 Fighting
 + Level 4.6 Ranged Weapons
 - Level 1.0 Armour
 - Level 3.2 Dodging
 - Level 0.7 Stealth


You knew the following spells:

 Your Spells              Type           Power      Damage    Failure   Level
a - Kiss of Death         Conj/Necr      0%         2d5       26%         1
b - Scorch                Fire           0%         2d5       38%         2
Your spell library was empty.

Inventory:

Hand Weapons
 a - a +1 shortbow (weapon)
Armour
 l - the +2 robe of Qeus (worn) {rElec rN+ Will- Int+4}
   (You found it on level 2 of the Dungeon)

   Int+4:     It affects your intelligence (+4).
   rElec:     It insulates you from electricity.
   rN+:       It protects you from negative energy.
   Will-:     It decreases your willpower.
Scrolls
 d - a scroll of amnesia {unknown}
 e - a scroll of identify
 h - a scroll of teleportation {unknown}
Potions
 b - a potion of curing
 c - a potion of might {unknown}
 f - a potion of attraction {unknown}
 g - a potion of magic {unknown}
 k - a potion of degeneration {unknown}

Dungeon Overview and Level Annotations

Branches:
Dungeon (3/15)

Altars:


Message History

The iguana bites you!
You shoot an arrow. The arrow closely misses the iguana.
The iguana barely misses you.
You shoot an arrow. The arrow barely misses the iguana.
The iguana bites you. The iguana barely misses you.
You shoot an arrow. The arrow hits the iguana.
The iguana is severely wounded.
The iguana closely misses you.
You shoot an arrow. The arrow barely misses the iguana.
The iguana bites you.
You shoot an arrow. The arrow barely misses the iguana.
The iguana bites you.
You shoot an arrow.
The arrow hits the iguana but does no damage.
The iguana is severely wounded.
The iguana bites you!
You shoot an arrow.
The arrow hits the iguana but does no damage.
The iguana is severely wounded.
The iguana barely misses you.
You shoot an arrow. The arrow barely misses the iguana.
The iguana misses you.
You shoot an arrow.
The arrow hits the iguana but does no damage.
The iguana is severely wounded.
The iguana bites you.
The iguana bites you but does no damage.
You shoot an arrow. The arrow hits the iguana.
The iguana is severely wounded.
The iguana barely misses you.
You shoot an arrow. The arrow hits the iguana.
The iguana is almost dead.
The iguana bites you.
You shoot an arrow.
The arrow hits the iguana but does no damage.
The iguana is almost dead.
The iguana bites you.
You shoot an arrow. The arrow barely misses the iguana.
The iguana bites you.
You die...

........# #.# #.#
#......## #.# #.#
...#...####.# #.#
......?..#.)### ##)#
..#.##........###.?#
..#......####.....##
.....##.........#.#
#.............##..#
#.............##@##
)...............l.#
...................#
.#.......)..........#
#..##.##............#
..# .#####......!..#
#. #.........#
#.........#


You could see an iguana.

Vanquished Creatures
  Jessica (D:2)
  Terence (D:3)
  5 adders
  2 dart slugs (D:1)
  A ribbon worm (D:2)
  An orc (D:3)
  4 bats
  6 endoplasms
  3 giant cockroaches
  6 goblins
  7 hobgoblins
  9 jackals
  2 quokkas (D:3)
  8 ball pythons
  4 frilled lizards
  3 kobolds
  6 rats
69 creatures vanquished.

Notes
Turn   | Place    | Note
-------+----------+-------------------------------------------
     0 | D:1      | qw the Djinni Hunter began the quest for the Orb.
     0 | D:1      | Reached XP level 1. HP: 18/18 MP: 0/0
     0 | D:1      | 0 ||| qw: Version: 0.3-a-136-gdd3b4e8
     0 | D:1      | 0 ||| qw: Game counter: 1180
     0 | D:1      | 0 ||| qw: Melee chars always use a shield: true
     0 | D:1      | 0 ||| qw: God list: Okawaru
     0 | D:1      | 0 ||| qw: Allow faded altars: false
     0 | D:1      | 0 ||| qw: Do Orc after clearing Dungeon:15 true
     0 | D:1      | 0 ||| qw: Do second Lair branch before Depths: true
     0 | D:1      | 0 ||| qw: Lair rune preference: random
     0 | D:1      | 0 ||| qw: Goals: Normal
     0 | D:1      | 0 ||| PLANNING D:1-11
    68 | D:1      | Reached XP level 2. HP: 23/23 MP: 0/0
   223 | D:1      | 223 ||| RETREEEEATING.
   224 | D:1      | 224 ||| RETREEEEATING.
   225 | D:1      | 225 ||| RETREEEEATING.
   230 | D:1      | Reached skill level 4 in Ranged Weapons
   230 | D:1      | Reached XP level 3. HP: 25/28 MP: 0/0
   230 | D:1      | Learned a level 1 spell: Kiss of Death
   317 | D:1      | 317 ||| UPGRADING to +0 ring mail.
   318 | D:1      | 318 ||| UPGRADING to +0 ring mail.
   392 | D:1      | 392 ||| UPGRADING to +0 leather armour.
   397 | D:1      | 397 ||| UPGRADING to +0 ring mail.
   407 | D:1      | 407 ||| DROPPING +0 leather armour.
   410 | D:1      | 410 ||| DROPPING scroll of butterflies.
   730 | D:1      | 730 ||| READING scroll labelled GAEGACL PONA.
   730 | D:1      | 730 ||| ENCHANTING +0 shortbow.
   850 | D:2      | Reached skill level 1 in Armour
   984 | D:2      | Noticed Jessica
   986 | D:2      | Killed Jessica
   987 | D:2      | Reached skill level 3 in Fighting
   987 | D:2      | Reached XP level 4. HP: 35/35 MP: 0/0
  1159 | D:2      | Reached XP level 5. HP: 40/40 MP: 0/0
  1159 | D:2      | Learned a level 2 spell: Scorch
  1299 | D:2      | Identified the +2 robe of Qeus {rElec rN+ Will- Int+4}
  1716 | D:2      | 1716 ||| UPGRADING to +2 robe of Qeus {rElec rN+ Will-
                  | Int+4}.
  1726 | D:2      | 1726 ||| DROPPING +0 ring mail.
  1727 | D:2      | 1727 ||| READING 2 scrolls labelled BOINILIR ODUCA.
  1727 | D:2      | 1727 ||| IDENTIFYING coppery potion
  1728 | D:2      | 1728 ||| READING scroll of identify.
  1728 | D:2      | 1728 ||| IDENTIFYING glowing inky potion
  1729 | D:2      | 1729 ||| READING scroll labelled YCKOR MIZE.
  1730 | D:2      | 1730 ||| READING scroll labelled PUIZXAB JOAF.
  1731 | D:2      | 1731 ||| READING scroll labelled PUUCZU TIUNU.
  1731 | D:2      | 1731 ||| ENCHANTING +0 shortbow.
  1732 | D:2      | 1732 ||| DROPPING potion of brilliance.
  1960 | D:3      | Found a faded altar of an unknown god.
  2036 | D:3      | Noticed Terence
  2047 | D:3      | Killed Terence
  2048 | D:3      | Reached skill level 3 in Dodging
  2111 | D:3      | HP: 6/40 [iguana (11)]
  2116 | D:3      | HP: 2/40 [iguana (4)]
  2118 | D:3      | Slain by an iguana

Levels and vault maps discovered:
D:1:      lordsloth_arrival_two_stooges, layout_loops_ring, nicolae_the_louvre
D:2:      minmay_thinvault, layout_loops_ring, grunt_ministairs_11, uniq_jessica
D:3:      layout_rooms, shapermc_ecumenical_altar_mp_vishouse, uniq_terence

Skill      XL: |  1  2  3  4  5 |
---------------+----------------+-----
Ranged Weapons | 4 |  4.6
Armour         | 1 |  1.0
Fighting       | 3 |  3.1
Dodging        | 3 |  3.2
Stealth        | |  0.7

Action                     |  1- 3 |  4- 6 || total
---------------------------+-------+-------++-------
   Fire: Shortbow          |    74 |   131 ||   205
    Use: Scroll            |     1 |     5 ||     6
 Armour: Leather armour    |     8 |       ||     8
         Skin              |     4 |       ||     4
         Ring mail         |     1 |    36 ||    37
         Robe              |       |    13 ||    13
  Dodge: Dodged            |    20 |    46 ||    66

Table legend:
 A = Non-vault XP
 B = Vault XP
 C = Vault XP percentage of total XP
 D = Non-vault monster count
 E = Vault monster count
 F = Vault count percentage of total count
                 A         B        C        D         E       F
            +---------+---------+-------+---------+---------+-------
      Total |     138 |     113 |  45.0 |      52 |      17 |  24.6
            +---------+---------+-------+---------+---------+-------
        D:1 |      46 |       0 |   0.0 |      25 |       0 |   0.0
        D:2 |      58 |      77 |  57.0 |      15 |      16 |  51.6
        D:3 |      34 |      36 |  51.4 |      12 |       1 |   7.7
            +---------+---------+-------+---------+---------+-------
